AoeStats
← Azatapower

Arabia

505687849Analyzed
1v1 RM · 21d ago on Sep 10, 2026· 55m 50s· 2 players
Game mode
Random Map
Map size
Tiny (2 player)
Population
200
Speed
Normal
Resources
Standard
Victory
Conquest
Starting age
Dark Age
Ending age
Imperial Age
RankedLock teamsTeams togetherTeam positionsShared explorationLock speedFull tech treeHidden civsTurbo modeCheats
Victory
Defeat
🇩🇪 Persians · Germany
1272
+16
🇧🇷 Japanese · Brazil
1278
-16
Captain Trouble
9:59 Feudal Age
8:16 Loom
10:31 Double-Bit Axe
10:27 Horse Collar
20:12 Castle Age
20:35 Bloodlines
24:19 Scale Barding Armor
26:05 Wheelbarrow
26:00 Fletching
30:20 Heavy Plow
31:30 Hand Cart
38:05 Imperial Age
36:47 Bow Saw
36:54 Bodkin Arrow
36:59 Padded Archer Armor
37:50 Ballistics
38:04 Parthian Tactics
37:49 Husbandry
38:42 Thumb Ring
39:11 Conscription
40:22 Citadels
42:57 Heavy Cavalry Archer
45:55 Chemistry
45:37 Capped Ram
47:37 Leather Archer Armor
47:42 Chain Barding Armor
47:34 Forging
48:34 Two-Man Saw
48:04 Crop Rotation
47:26 Gold Mining
47:27 Stone Mining
48:19 Cavalier
51:34 Iron Casting
51:34 Plate Barding Armor
51:30 Ring Archer Armor
51:24 Elite War Elephant
55:25 Blast Furnace
Azatapower
3:38 Loom
10:13 Feudal Age
10:22 Man-at-Arms
11:10 Double-Bit Axe
13:03 Scale Mail Armor
17:46 Horse Collar
21:32 Castle Age
20:36 Forging
22:10 Long Swordsman
23:35 Town Watch
24:12 Chain Mail Armor
25:14 Gambesons
25:33 Gold Mining
26:18 Pikeman
29:21 Town Watch
31:01 Heavy Plow
36:37 Iron Casting
37:38 Fletching
38:03 Arson
41:25 Imperial Age
39:27 Bow Saw
39:54 Wheelbarrow
41:28 Hand Cart
41:13 Town Patrol
41:08 Stone Mining
41:53 Gold Shaft Mining
42:14 Bodkin Arrow
42:19 Padded Archer Armor
43:17 Conscription
43:18 Kataparuto
44:12 Heavy Cavalry Archer
45:17 Parthian Tactics
44:59 Thumb Ring
44:56 Bracer
45:12 Leather Archer Armor
47:08 Ring Archer Armor
47:43 Chemistry
48:15 Ballistics
48:07 Elite Skirmisher
55:55 Two-Man Saw
Connection lost

Rejoining the realm…

Still unreachable

The connection could not be restored.

Session expired

The server has moved on; the page needs a fresh start.